 Dungeon Crawl Stone Soup version 0.27-a0-1101-ge311f74bc8 (webtiles) character file.

Game seed: 740508301559090329

26 wewepker the Chopper (level 2, -6/40 HPs)
             Began as a Minotaur Berserker on Apr 28, 2021.
             Was a Follower of Trog.
             Mangled by Terence
             ... wielding a +2 mace of venom
              (13 damage)
             ... on level 2 of the Dungeon.
             The game lasted 00:01:56 (1489 turns).

wewepker the Chopper (Minotaur Berserker)           Turns: 1489, Time: 00:01:58

Health: -6/40      AC:  2    Str: 21    XL:     2   Next: 89%
Magic:  1/1        EV: 12    Int:  4    God:    Trog [*.....]
Gold:   34         SH:  0    Dex:  9    Spells: 1/1 levels left

rFire    . . .     SeeInvis .   a - +0 hand axe
rCold    . . .     Faith    .   (no shield)
rNeg     . . .     Spirit   .   b - +0 animal skin
rPois    .         Reflect  .   (helmet restricted)
rElec    .         Harm     .   (no cloak)
rCorr    .         Rampage  .   (no gloves)
Will     .....                  (no boots)
Stlth    ..........             (no amulet)
HPRegen  0.13/turn              (no ring)
MPRegen  0.07/turn              (no ring)

@: berserking, lethally poisoned (-6 -> -23), very quick
A: horns 2, retaliatory headbutt
a: Renounce Religion, Berserk


You were on level 2 of the Dungeon.
You worshipped Trog.
Trog was aware of your devotion.
You visited 1 branch of the dungeon, and saw 2 of its levels.

You collected 34 gold pieces.

Inventory:

Hand Weapons
 a - a +0 hand axe (weapon)
Armour
 b - a +0 animal skin (worn)
Jewellery
 d - a +6 ring of strength
Scrolls
 g - a scroll of fog {unknown}
Potions
 c - 2 potions of heal wounds {unknown}
 e - a potion of curing {unknown}
 f - a potion of lignification {unknown}


   Skills:
 + Level 3.8 Fighting
 + Level 4.2 Axes
 + Level 2.6 Armour
 + Level 2.9 Dodging


You had one spell level left.
You didn't know any spells.
Your spell library was empty.

Dungeon Overview and Level Annotations

Branches:
Dungeon (2/15)

Altars:

Annotations:
D:2 Terence


Innate Abilities, Weirdness & Mutations

You have a pair of horns on your head.
You reflexively headbutt those who attack you in melee.


Message History

There is a stone staircase leading up here.
Terence shouts!
A rat comes into view.
There is a stone staircase leading up here.
The rat twitches its whiskers.
You barely miss the rat. x2; The rat bites you.
The rat barely misses you.
You hit the rat.
The rat is heavily wounded.
You hit the rat. The rat closely misses you. x2
You closely miss the rat. Your headbutt misses the rat.
The rat is heavily wounded.
You hit the rat but do no damage.
Terence shouts, "Get ready for death!"
The rat bites you but does no damage. x2
You hit the rat.
You kill the rat!
Trog accepts your kill.
You closely miss the rat. The rat barely misses you.
You hit Terence but do no damage. You barely miss the rat.
Terence barely misses you. The rat bites you.
You barely miss Terence. You hit the rat but do no damage.
Terence barely misses you. The rat bites you.
You hit Terence. Your headbutt misses Terence.
Terence is lightly wounded.
You hit the rat but do no damage. Terence closely misses you.
The rat bites you.
You hit Terence. You headbutt Terence!
Terence is severely wounded.
You closely miss the rat.
Terence hits you with a +2 mace of venom!
You are lethally poisoned!
The rat bites you.
* * * LOW HITPOINT WARNING * * *
A red film seems to cover your vision as you go berserk!
You feel yourself moving faster!
You feel mighty!
* * * LOW HITPOINT WARNING * * *
You feel very sick. Terence says, "Did you write a will?
You should..."
Terence hits you with a +2 mace of venom!
You die...

#.......##
.........#
.........#
.........#
.........#
..<.....!
.......r##
.......@@#
.........#
.........#
.........#
.........#
#.....?.##
##.....##
######


You could see Terence and a rat.

Vanquished Creatures
  A dart slug (D:1)
  3 ball pythons (D:1)
  An endoplasm (D:1)
  6 goblins (D:1)
  A hobgoblin (D:1)
  A quokka (D:1)
  4 bats (D:1)
  A kobold (D:1)
  4 rats
22 creatures vanquished.

Notes
Turn   | Place    | Note
-------+----------+-------------------------------------------
     0 | D:1      | wewepker the Minotaur Berserker began the quest for the
                  | Orb.
     0 | D:1      | Reached XP level 1. HP: 19/19 MP: 0/0
   676 | D:1      | Reached skill level 4 in Axes
   676 | D:1      | Reached XP level 2. HP: 27/27 MP: 1/1
  1476 | D:2      | Noticed Terence
  1489 | D:2      | Mangled by Terence

Illustrated notes

Levels and vault maps discovered:
D:1:      amcnicky_arrival_single_pillar, layout_basic
D:2:      layout_rooms, basic_ecumenical_altar, uniq_terence

Skill      XL: |  1 |
---------------+----+-----
Axes           | 4 |  4.2
Fighting       | |  3.8
Armour         | |  2.6
Dodging        | |  2.9

Action                   || total
-------------------------++-------
Melee: Hand axe          ||    56
       Headbutt          ||     8
Invok: Berserk           ||     1
Armor: Animal skin       ||    13
Dodge: Dodged            ||    50

Table legend: (Time is in decaauts)
 A = Elapsed time spent in this place.
 B = Non-inter-level travel time spent in this place.
 C = Inter-level travel time spent in this place.
 D = Time resting spent in this place.
 E = Time spent auto-exploring this place.
 F = Levels seen in this place.
 G = Mean time per level.
                   A        B        C        D        E       F      G
               +--------+--------+--------+--------+--------+-----+--------+
         Total |   1494 |   1490 |      4 |    300 |    944 |   2 |  747.0 |
       Dungeon |   1494 |   1490 |      4 |    300 |    944 |   2 |  747.0 |
               +--------+--------+--------+--------+--------+-----+--------+

Top non-repeatable levels by time:
     D:1: 1480 daAuts
     D:2: 14 daAuts
